 Dungeon Crawl Stone Soup version 0.23.1 (webtiles) character file.

Game seed: 0

7315 Irenicus the Earth Mage (level 10, -5/75 HPs)
             Began as a Deep Dwarf Earth Elementalist on Mar 8, 2019.
             Was a Priest of Makhleb.
             Slain by Snorg (6 damage)
             ... on level 10 of the Dungeon.
             The game lasted 00:44:58 (5968 turns).

Irenicus the Earth Mage (DDEE)                      Turns: 5968, Time: 00:44:58

Health: -5/75      AC:  7    Str: 13    XL:     10   Next: 90%
Magic:  0/17       EV: 12    Int: 18    God:    Makhleb [***...]
Gold:   853        SH:  0    Dex: 13    Spells: 12/24 levels left

rFire    + . .     SeeInvis .   z - staff of earth
rCold    + + .     Gourm    .   (no shield)
rNeg     + . .     Faith    .   n - +0 leather armour {rC+}
rPois    +         Spirit   .   A - -2 hat of the Alchemist {rElec rPois rF+ rC+ rN+ MR+ rMut rCorr}
rElec    +         Reflect  .   h - +2 cloak
rCorr    +         Harm     .   (no gloves)
rMut     +                      m - +2 pair of boots
MR       ++...                  f - amulet of rage {+Rage, !d}
Stlth    ++........             k - ring of poison resistance {rPois, !d}
HPRegen  0.00/turn              B - ring of resist corrosion
MPRegen  0.15/turn

@: non-regenerating
A: damage resistance, heal wounds, sense surroundings 2, no regeneration
a: Heal Wounds, Minor Destruction, Lesser Servant of Makhleb, Renounce Religion,
Evoke Berserk Rage


You were on level 10 of the Dungeon.
You worshipped Makhleb.
Makhleb was most pleased with you.
You were not hungry.

You visited 2 branches of the dungeon, and saw 11 of its levels.

You collected 853 gold pieces.

Inventory:

Hand Weapons
 u - a +1 dagger
   (You took it off a goblin on level 3 of the Dungeon)
Missiles
 b - 29 stones (quivered)
Armour
 h - a +2 cloak (worn)
   (You took it off Maurice on level 9 of the Dungeon)
 m - a +2 pair of boots (worn)
   (You found it on level 3 of the Dungeon)
 n - a +0 leather armour of cold resistance (worn)
   (You took it off an orc priest on level 9 of the Dungeon)
 A - the -2 hat of the Alchemist (worn) {rElec rPois rF+ rC+ rN+ MR+ rMut rCorr}
   (You found it on level 3 of the Dungeon)

   It protects you from fire.
   It protects you from cold.
   It insulates you from electricity.
   It protects you from poison.
   It protects you from negative energy.
   It affects your resistance to hostile enchantments.
   It provides partial protection from all sources of acid and corrosion.
   It protects you from mutation.
Magical Staves
 z - an uncursed staff of earth (weapon)
   (You found it on level 6 of the Dungeon)
Jewellery
 c - an uncursed amulet of harm
   (You found it on level 3 of the Dungeon)
 f - an amulet of rage (around neck) {+Rage, !d}
   (You found it on level 3 of the Dungeon)
 k - a ring of poison resistance (left hand) {rPois, !d}
   (You found it on level 5 of the Dungeon)
 B - a ring of resist corrosion (right hand)
   (You found it on level 7 of the Dungeon)
Wands
 v - a wand of acid (5)
   (You found it on level 5 of the Dungeon)
 w - a wand of disintegration (9)
   (You took it off Maurice on level 9 of the Dungeon)
 y - a wand of flame (39)
   (You took it off a goblin on level 6 of the Dungeon)
Scrolls
 e - 5 scrolls of remove curse
 i - 2 scrolls of immolation {!r}
 r - 4 scrolls of identify
 x - a scroll of enchant weapon
Potions
 a - 2 potions of brilliance
 g - 3 potions of lignification {!q}
 j - 3 potions of might
 l - 2 potions of resistance
 o - a potion of magic
 p - a potion of invisibility
 q - 2 potions of cancellation
 s - a potion of haste
 t - a potion of agility
 C - a potion of berserk rage {!q}
Comestibles
 d - 14 rations


   Skills:
 - Level 2.1 Dodging
 - Level 2.4 Stealth
 + Level 7.9 Spellcasting
 - Level 0.8 Transmutations
 - Level 17.3 Earth Magic


You had 12 spell levels left.
You knew the following spells:

 Your Spells              Type           Power        Failure   Level  Hunger
a - Sandblast             Erth           ######       0%          1    None
c - Petrify               Tmut/Erth      ######..     3%          4    ###....
w - Passwall              Tmut/Erth      ######..     1%          2    None
z - Lee's Rapid Deconstr  Erth           #######...   1%          5    #####..

Your spell library contained the following spells:

 Spells                   Type           Power        Failure   Level  Hunger
 Stone Arrow              Conj/Erth      ######       1%          3    #......
 Freeze                   Ice            #...         13%         1    None
 Sting                    Conj/Pois      #...         13%         1    None
 Summon Butterflies       Summ           #.......     13%         1    None
 Summon Small Mammal      Summ           #...         13%         1    None
 Call Imp                 Summ           #.......     19%         2    None
 Poisonous Vapours        Pois/Air       #.....       19%         2    None
 Throw Frost              Conj/Ice       #.....       19%         2    None
 Call Canine Familiar     Summ           #.......     36%         3    #......
 Mephitic Cloud           Conj/Pois/Air  #.......     36%         3    #......
 Ozocubu's Armour         Chrm/Ice       #.......     36%         3    #......
 Summon Guardian Golem    Hex/Summ       #.......     36%         3    #......
 Olgreb's Toxic Radiance  Pois           #.......     77%         4    ###....
 Summon Ice Beast         Ice/Summ       #.......     77%         4    ###....
 Summon Lightning Spire   Summ/Air       #.......     77%         4    ###....
 Throw Icicle             Conj/Ice       #.......     77%         4    ###....
 Summon Mana Viper        Hex/Summ       #.......     98%         5    #####..
 Venom Bolt               Conj/Pois      #.........   98%         5    #####..
 Summon Hydra             Summ           #.........   100%        7    #######


Dungeon Overview and Level Annotations

Branches:
Dungeon (10/15)            Temple (1/1) D:7             Orc (0/2) D:9
   Lair: D:8-11

Altars:
Ashenzari
Cheibriados
Dithmenos
Elyvilon
Fedhas
Gozag
Hepliaklqana
Kikubaaqudgha
Makhleb
Nemelex Xobeh
Okawaru
Qazlal
Ru
Sif Muna
Trog
Uskayaw
Vehumet
Wu Jian
Xom
Yredelemnul
Zin
The Shining One
Beogh
Lugonu

Shops:
D:7 ?%   D:9 *

Annotations:
D:7 1 runed translucent door, bananaglory's ghost, novice MfSk
D:8 2 runed translucent doors, HEYYEYAAE's ghost, novice OpHu
D:10 Snorg


Innate Abilities, Weirdness & Mutations

You are resistant to damage.
You can heal yourself by infusing magical energy.
You passively map the area around you.
You do not regenerate.


Message History

You feel better.
b - 30 stones You regained 3 hp, and now have 55/75 hp.
Found a stone staircase leading down.
An iguana comes into view.
The iguana hisses angrily.
The iguana hisses menacingly.
Aim: an iguana You feel a surge of power!
The blast of sand hits the iguana!!
You kill the iguana!
Makhleb accepts your kill.
b - 29 stones A porcupine comes into view.
You now have 4/17 mp.
Aim: a porcupine (hasn't noticed you)
You feel a surge of power!
The blast of sand hits the porcupine!
b - 28 stones The porcupine twitches its whiskers.
Aim: a porcupine (heavily wounded)
You feel a surge of power!
The blast of sand hits the porcupine.
b - 27 stones You now have 3/17 mp.
You hit the porcupine.
You kill the porcupine!
Makhleb accepts your kill.
You feel better.
You regained 6 hp, and now have 61/75 hp.
Okay, then.
You see here a porcupine corpse.
You now have 840 gold pieces (gained 22).
A bullfrog comes into view.
Snorg the Insatiable comes into view.
You see here 13 gold pieces.
You now have 853 gold pieces (gained 13).
Snorg shouts!
The bullfrog croaks.
Aim: a bullfrog You feel a surge of power!
The blast of sand hits the bullfrog.
b - 26 stones You now have 4/17 mp.
Aim: a bullfrog (moderately wounded)
You feel a surge of power!
The blast of sand misses the bullfrog.
b - 25 stones The bullfrog barely misses you.
You now have 3/17 mp.
Aim: a bullfrog (moderately wounded)
You feel a surge of power!
The blast of sand hits the bullfrog!!
You kill the bullfrog!
Makhleb accepts your kill.
b - 24 stones You now have 2/17 mp.
Things that are here:
9 stones; a bullfrog corpse
b - 33 stones (gained 9)
Aim: Snorg You feel a surge of power!
The blast of sand misses Snorg.
b - 32 stones You now have 2/17 mp.
Aim: Snorg You feel a surge of power!
The blast of sand hits Snorg!!
b - 31 stones You now have 1/17 mp.
Aim: Snorg (moderately wounded)
You feel a surge of power!
The blast of sand hits Snorg!
b - 30 stones Snorg bites you.
Snorg closely misses you. Snorg claws you.
You take 2 damage, and have 59/75 hp.
You now have 0/17 mp.
You don't have enough magic to cast that spell.
Unknown command.
Snorg goes berserk!
Okay, then.
Okay, then.
Aim: Snorg (moderately wounded, berserk, fast, unusually strong)
The bolt of acid hits Snorg!
Snorg is splashed with acid.
The acid corrodes Snorg!
Snorg bites you! Snorg claws you!! Snorg claws you!
* * * LOW HITPOINT WARNING * * *
You take 41 damage, and have 18/75 hp.
MASSIVE DAMAGE!!
Aim: Snorg (heavily wounded, berserk, fast, unusually strong, covered in acid)
You feel a surge of power!
The blast of sand hits Snorg.
b - 29 stones Snorg barely misses you.
Snorg claws you!
* * * LOW HITPOINT WARNING * * *
Snorg claws you.
You take 8 damage, and have 10/75 hp.
You now have 0/17 mp.
You feel much better. Snorg bites you!!
* * * LOW HITPOINT WARNING * * *
Snorg claws you!
* * * LOW HITPOINT WARNING * * *
Snorg claws you.
* * * LOW HITPOINT WARNING * * *
Snorg bites you. Snorg claws you.
* * * LOW HITPOINT WARNING * * *
Snorg closely misses you.
You take 9 damage, and have 1/75 hp.
You feel much better. Snorg closely misses you. Snorg claws you.
Snorg closely misses you.
You regained 22 hp, and now have 23/75 hp.
Okay, then.
Snorg bites you!!
* * * LOW HITPOINT WARNING * * *
Snorg claws you!
You die...

* , ####### * * .......*
#.....# * * * ..?....#
#...... , , ,
.........+...... , ##
.......#.#...... #.,
................ ,
*#####.##.........#......
, ........................
, * #....@# #.##..#......
, , #....T# #.##..#....##
, *
##.....####.##..#....##
**#.......†.........†.....
, ......................#.
*,
#.##..####.#.##....##.#. *
, , ...... #.#.##.........
* *.##.. P...##..####.#. *
* *# *#.P P....##...##..#.


You could see Snorg (berserk).

Vanquished Creatures
  A two-headed ogre (D:10)
  Pikel (D:5)
  Maurice (D:9)
  Prince Ribbit (D:7)
  Sigmund (D:5)
  2 wyverns
  A spriggan (D:9)
  2 hungry ghosts
  Menkaure (D:3)
  A porcupine (D:10)
  A black bear (D:6)
  2 ice beasts
  2 orc warriors
  A necrophage (D:7)
  2 ogres
  3 centaurs
  6 bullfrogs
  A wyvern zombie (D:7)
  6 scorpions
  18 killer bees (D:9)
  13 wights
  2 howler monkeys
  A bullfrog zombie (D:5)
  A centaur zombie (D:8)
  3 crimson imps
  4 hounds
  5 orc priests
  3 jellies
  11 orc wizards
  5 iguanas
  Natasha (thrice) (D:2)
  2 worker ants (D:4)
  3 hound zombies
  A hound skeleton (D:5)
  2 howler monkey zombies (D:8)
  A worker ant zombie (D:6)
  15 adders
  4 shadow imps
  3 oozes
  2 adder zombies
  2 adder skeletons (D:4)
  A worm (D:5)
  6 dart slugs
  12 leopard geckos
  33 orcs
  3 giant cockroaches
  13 goblins
  11 hobgoblins
  15 jackals
  12 quokkas
  3 ball pythons (D:2)
  5 bats
  8 frilled lizards
  7 kobolds
  A leopard gecko zombie (D:3)
  6 rats
276 creatures vanquished.

Vanquished Creatures (others)
  16 fungi (D:10)
  5 plants (D:10)
21 creatures vanquished.

Grand Total: 297 creatures vanquished

Notes
Turn   | Place    | Note
-------+----------+-------------------------------------------
     0 | D:1      | Irenicus the Deep Dwarf Earth Elementalist began the quest
                  | for the Orb.
     0 | D:1      | Reached XP level 1. HP: 15/15 MP: 3/3
    11 | D:1      | Reached skill level 2 in Spellcasting
    81 | D:1      | Reached XP level 2. HP: 20/22 MP: 0/5
   146 | D:1      | Reached skill level 5 in Earth Magic
   194 | D:1      | Learned a level 2 spell: Passwall
   306 | D:1      | Reached XP level 3. HP: 18/28 MP: 4/6
   574 | D:1      | Irenicus: ?? potion of experience
   574 | D:1      | beem: potion of experience[1/2]: Gives you a bunch of
                  | experience. The amount of XP you get is enough to take you
                  | the same proportion of the way between the next two levels
                  | as you currently are between your level and the next one.
                  | You gain 750 * (your new XL) experience to spend on skills.
   633 | D:2      | Noticed Natasha
   637 | D:2      | Killed Natasha
   637 | D:2      | Reached skill level 6 in Earth Magic
   637 | D:2      | Reached XP level 4. HP: 23/36 MP: 3/7
   704 | D:2      | Noticed Natasha
   712 | D:2      | Killed Natasha
   712 | D:2      | Reached skill level 7 in Earth Magic
   763 | D:2      | Found a snail-covered altar of Cheibriados.
   927 | D:2      | Reached XP level 5. HP: 14/42 MP: 3/8
  1030 | D:2      | Noticed Natasha
  1032 | D:2      | HP: 7/42 [Natasha/magic dart (7)]
  1034 | D:2      | HP: 1/42 [Natasha/magic dart (6)]
  1036 | D:2      | Killed Natasha
  1036 | D:2      | Reached skill level 8 in Earth Magic
  1153 | D:2      | Found a hazy altar of Hepliaklqana.
  1351 | D:3      | Found a basalt altar of Yredelemnul.
  1352 | D:3      | Found the -2 hat of the Alchemist {rElec rPois rF+ rC+ rN+
                  | MR+ rMut rCorr}
  1352 | D:3      | Noticed Menkaure
  1353 | D:3      | Found an ancient bone altar of Kikubaaqudgha.
  1365 | D:3      | Found a transporter.
  1367 | D:3      | Found a transporter.
  1377 | D:3      | Noticed a hungry ghost
  1378 | D:3      | Irenicus: ?? hat of the alchemist
  1378 | D:3      | beem: hat of the alchemist[1/2]: -2 unrandart hat with rF+
                  | rC+ MR+ rElec rPois rN+ rMut rCorr.
  1431 | D:3      | Reached XP level 6. HP: 20/49 MP: 2/9
  1523 | D:3      | HP: 10/49 [leopard gecko (4)]
  1568 | D:3      | HP: 5/49 [goblin/stone (5)]
  1569 | D:3      | Reached skill level 9 in Earth Magic
  1636 | D:3      | Found a faded altar of an unknown god.
  1953 | D:4      | HP: 8/49 [ogre/+0 giant spiked club (21)]
  2006 | D:4      | Reached skill level 10 in Earth Magic
  2066 | D:4      | Reached XP level 7. HP: 22/55 MP: 2/9
  2100 | D:4      | HP: 13/55 [worker ant (3)]
  2153 | D:4      | HP: 12/55 [adder skeleton (1)]
  2299 | D:4      | Reached skill level 11 in Earth Magic
  2480 | D:5      | Entered Level 5 of the Dungeon
  2480 | D:5      | Noticed Sigmund
  2486 | D:5      | Killed Sigmund
  2497 | D:5      | Reached skill level 12 in Earth Magic
  2501 | D:5      | Noticed Pikel
  2522 | D:5      | Killed Pikel
  2522 | D:5      | Reached skill level 13 in Earth Magic
  2522 | D:5      | Reached XP level 8. HP: 28/62 MP: 0/10
  2628 | D:5      | Found a stormy altar of Qazlal.
  2702 | D:5      | Found a bloodstained altar of Trog.
  3000 | D:6      | Reached skill level 14 in Earth Magic
  3208 | D:6      | HP: 9/62 [centaur/arrow (10)]
  3211 | D:6      | Found a radiant altar of Vehumet.
  3397 | D:6      | Found a white marble altar of Elyvilon.
  3427 | D:6      | Learned a level 5 spell: Lee's Rapid Deconstruction
  3432 | D:6      | Gained mutation: You passively map the area around you.
                  | [Deep Dwarf growth]
  3432 | D:6      | Reached XP level 9. HP: 24/68 MP: 7/11
  3528 | D:6      | HP: 5/68 [centaur/arrow (16)]
  3530 | D:6      | Reached skill level 15 in Earth Magic
  3626 | D:7      | Noticed Prince Ribbit
  3662 | D:7      | Found a staircase to the Ecumenical Temple.
  3671 | Temple   | Entered the Ecumenical Temple
  3710 | Temple   | Became a worshipper of Makhleb the Destroyer
  3871 | D:7      | HP: 16/68 [wyvern zombie (6)]
  3934 | D:7      | Found Immusos's Food Shoppe.
  4027 | D:7      | Found a runed translucent door.
  4055 | D:7      | Noticed bananaglory's ghost (novice MfSk)
  4074 | D:7      | HP: 9/68 [Prince Ribbit (12)]
  4075 | D:7      | Killed Prince Ribbit
  4086 | D:7      | Found Qielun's Magic Scroll Shop.
  4176 | D:6      | Reached skill level 16 in Earth Magic
  4385 | D:3      | Killed Menkaure
  4616 | D:8      | HP: 7/68 [centaur/arrow (12)]
  4700 | D:8      | Reached skill level 17 in Earth Magic
  4727 | D:8      | Reached * piety under Makhleb
  4772 | D:8      | Noticed a two-headed ogre
  4787 | D:8      | Learned a level 4 spell: Petrify
  4803 | D:8      | Found a white marble altar of Elyvilon.
  4813 | D:8      | Found a large runed translucent door.
  4813 | D:8      | Found a large runed translucent door.
  4826 | D:8      | HP: 16/68 [bullfrog (5)]
  4905 | D:8      | Irenicus: ?? staff of earth
  4905 | D:8      | beem: staff damage[1/3]: Enhancer staves (fire, cold, air,
                  | earth, death) have (2*evoc + magic skill)/30 chance of
                  | getting random2(1.25*(magic skill + evoc/2)) extra damage
                  | that ignores AC (except earth), but checks the appropriate
                  | resistance.
  4956 | D:8      | Reached XP level 10. HP: 19/75 MP: 0/11
  4995 | D:8      | Reached skill level 3 in Spellcasting
  5023 | D:8      | Noticed HEYYEYAAE's ghost (novice OpHu)
  5129 | D:9      | Found Zujozxov's General Store.
  5350 | D:9      | Reached skill level 4 in Spellcasting
  5358 | D:9      | Reached ** piety under Makhleb
  5367 | D:9      | Reached skill level 5 in Spellcasting
  5371 | D:9      | HP: 18/75 [killer bee (3)]
  5375 | D:9      | HP: 7/75 [killer bee (6)]
  5426 | D:9      | Found a hide-covered altar of Uskayaw.
  5438 | D:9      | Found a shimmering altar of Xom.
  5461 | D:9      | Found a deep blue altar of Sif Muna.
  5465 | D:9      | Noticed Maurice
  5470 | D:9      | Killed Maurice
  5485 | D:9      | Reached skill level 6 in Spellcasting
  5595 | D:9      | Found an ornate altar of the Wu Jian Council.
  5614 | D:9      | Found a staircase to the Orcish Mines.
  5642 | D:9      | Found a roughly hewn altar of Beogh.
  5722 | D:9      | Reached *** piety under Makhleb
  5756 | D:10     | Entered Level 10 of the Dungeon
  5773 | D:10     | Noticed a two-headed ogre
  5823 | D:10     | Noticed a two-headed ogre
  5843 | D:10     | Killed a two-headed ogre
  5843 | D:10     | Reached skill level 7 in Spellcasting
  5951 | D:10     | Noticed Snorg
  5964 | D:10     | HP: 18/75 [Snorg (16)]
  5966 | D:10     | HP: 4/75 [Snorg (12)]
  5966 | D:10     | HP: 1/75 [Snorg (1)]
  5968 | D:10     | Slain by Snorg

Skill      XL: |  1  2  3  4  5  6  7  8  9 10 |
---------------+-------------------------------+-----
Spellcasting   | 2 7 |  7.9
Earth Magic    | 5 6 7 8 10 13 14 17 | 17.3
Dodging        | |  2.1
Stealth        | |  2.4
Transmutations | |  0.8

Action                   |  1- 3 |  4- 6 |  7- 9 | 10-12 || total
-------------------------+-------+-------+-------+-------++-------
Melee: Club              |    46 |    21 |       |       ||    67
       Dagger            |       |    21 |     1 |       ||    22
       Staff             |       |       |     8 |    19 ||    27
 Cast: Sandblast         |    39 |    96 |   189 |    93 ||   417
       Passwall          |     2 |    12 |    30 |     9 ||    53
       Petrify           |       |       |     1 |     3 ||     4
       Lee's Rapid Decon |       |       |       |     4 ||     4
 Abil: Heal Wounds       |     1 |     3 |     8 |     3 ||    15
Evoke: Wand              |       |       |       |     6 ||     6
  Use: Potion            |       |     4 |     4 |     1 ||     9
       Scroll            |       |    11 |     7 |     3 ||    21
 Stab: Sleeping          |     2 |     6 |       |       ||     8
  Eat: Chunk             |       |     5 |     8 |     1 ||    14
       Ration            |       |     1 |     2 |     1 ||     4
Armor: Robe              |     7 |       |       |       ||     7
       Leather armour    |     5 |    21 |    14 |     9 ||    49
       Skin              |       |     2 |    24 |       ||    26
Dodge: Dodged            |    47 |    55 |    34 |    54 ||   190

Levels and vault maps discovered:
D:1:      saegor_arrival_simple_d, layout_loops_ring, hangedman_decor_growths,
          minmay_quantized
D:2:      layout_loops_corners, lemuel_doored_altar, overflow_temple_1_default,
          skrybe_limestone_x, minmay_snake_closets, uniq_natasha
D:3:      minmay_bubble_buster, layout_rooms, gammafunk_temple_of_torment,
          chequers_ecumenical_altar_simple
D:4:      minmay_polygon_palace, layout_basic, serial_bayou_crossing
D:5:      layout_loops_ring, grunt_qazlal_sundering, lightli_temple_of_fire,
          first_ration, uniq_pikel, uniq_sigmund
D:6:      layout_basic, vehumet_altar_wand_db, kennysheep_little_box,
          serial_co_window_serial, co_window_corner_a, co_window_paths_b,
          co_window_corner_a, co_window_paths_b, co_window_of_opportunity_a,
          co_window_paths_a, co_window_paths_a, co_window_paths_a,
          co_window_corner_a, co_window_unsneaky_path_c, co_window_broadway_a,
          co_window_corner_b, co_window_unsneaky_path_e, co_window_paths_c,
          co_window_paths_c, co_window_corner_ca, glass_columns_a,
          glass_columns_a, glass_columns_a
D:7:      layout_loops_ring, minmay_temple_entry_ruins,
          ebering_ghost_reflecting_pool, serial_shops, nicolae_shop_trees,
          nicolae_shop_waterfront, chequers_serial_rivers_micro_b,
          uniq_prince_ribbit1
D:8:      layout_loops_ring, basic_altar, ebering_ghost_disaster_area
D:9:      layout_roguey, nicolae_overflow_crystal_walls,
          amethyst_overflow_temple_binary, minmay_orc_entry_temple_small,
          serial_shops, shop, basic_altar, special_room [special_room_bee],
          the_bakery, kennysheep_crisscross, small_statue_intersection,
          uniq_maurice
D:10:     layout_basic, due_lair_maze_entry_diamond, uniq_snorg
Temple:   kb_corrupted_temple

Table legend:
 A = Turns spent in this place as a percentage of turns spent in the entire game.
 B = Non-inter-level travel turns spent in this place as a percentage of non-inter-level travel turns spent in the entire game.
 C = Inter-level travel turns spent in this place as a percentage of turns spent in this place.
 D = Turns resting spent in this place as a percentage of non-inter-level travel turns spent in this place.
 E = Turns spent auto-exploring this place as a percentage of non-inter-level travel turns spent in this place.
 F = Non-inter-level travel turns spent in this place divided by the number of levels of this place that you've seen.
                   A       B       C       D       E      F
               +-------+-------+-------+-------+-------+----------------------
         Total | 100.0 | 100.0 |   0.1 |   0.0 |   0.0 | 541.9
       Dungeon |  98.8 |  98.8 |   0.1 |   0.0 |   0.0 | 589.1
        Temple |   1.2 |   1.2 |   0.0 |   0.0 |   0.0 |  70.0
               +-------+-------+-------+-------+-------+----------------------

Table legend:
 A = Kills in this place as a percentage of kills in entire the game.
 B = Kills by you in this place as a percentage of kills by you in the entire game.
 C = Kills by friends in this place as a percentage of kills by friends in the entire game.
 D = Other kills in this place as a percentage of other kills in the entire game.
 E = Experience gained in this place as a percentage of experience gained in the entire game.
 F = Experience gained in this place divided by the number of levels of this place that you have seen.
                   A       B       C       D       E      F
               +-------+-------+-------+-------+-------+----------------------
         Total | 100.0 | 100.0 |   N/A |   N/A | 100.0 | 950.0
       Dungeon | 100.0 | 100.0 |   N/A |   N/A | 100.0 | 1045.0
               +-------+-------+-------+-------+-------+----------------------
